 Dungeon Crawl Stone Soup version 0.26-a0-778-g3fe0686644 (webtiles) character file.

Game seed: 13471735930327123863

272 marklar909 the Slasher (level 6, -1/51 HPs)
             Began as a Draconian Warper on Nov 10, 2020.
             Slain by an ogre
             ... wielding a +0 giant club
              (17 damage)
             ... on level 4 of the Dungeon.
             The game lasted 00:04:26 (3922 turns).

marklar909 the Slasher (Draconian Warper)           Turns: 3922, Time: 00:04:27

Health: -1/51      AC:  6    Str: 15    XL:     6   Next: 2%
Magic:  9/9        EV: 13    Int: 13    God:
Gold:   260        SH:  0    Dex: 11    Spells: 9/9 levels left

rFire    . . .     SeeInvis .   a - +1 falchion
rCold    . . .     Faith    .   (no shield)
rNeg     . . .     Spirit   .   (armour unavailable)
rPois    .         Reflect  .   (helmet restricted)
rElec    .         Harm     .   (no cloak)
rCorr    .         Rampage  .   (no gloves)
MR       .....                  (no boots)
Stlth    +.........             (no amulet)
HPRegen  0.17/turn              (no ring)
MPRegen  0.11/turn              (no ring)

@: no status effects
A: unfitting armour, cold-blooded, AC +6
a: no special abilities


You were on level 4 of the Dungeon.
You visited 1 branch of the dungeon, and saw 4 of its levels.

You collected 260 gold pieces.

Inventory:

Hand Weapons
 a - a +1 falchion (weapon)
Missiles
 d - 2 boomerangs of dispersal (quivered)
 q - 2 curare-tipped darts
Wands
 p - a wand of iceblast (10)
Scrolls
 b - 2 scrolls of identify
 c - a scroll of blinking
 f - 4 scrolls of remove curse
 g - a scroll of magic mapping
 i - a scroll of enchant armour {unknown}
 k - a scroll of enchant weapon
 n - a scroll of amnesia {unknown}
Potions
 e - 3 potions of curing
 h - a potion of brilliance {unknown}
 j - a potion of attraction {unknown}
 l - a potion of might {unknown}
 m - a potion of degeneration {unknown}
 o - a potion of haste {unknown}


   Skills:
 + Level 3.1 Fighting
 + Level 4.3 Long Blades
 + Level 1.0 Throwing
 + Level 3.8 Dodging
 + Level 0.8 Stealth
 + Level 2.4 Spellcasting
   Level 3.0 Translocations


You had 9 spell levels left.
You didn't know any spells.
Your spell library contained the following spells:

 Spells                   Type           Power        Failure   Level
 Blink                    Tloc           N/A          11%         2
 Gell's Gravitas          Tloc           #.........   22%         3
 Lesser Beckoning         Tloc           #.........   22%         3
 Teleport Other           Tloc           #.......     22%         3
 Passage of Golubria      Tloc           N/A          56%         4


Dungeon Overview and Level Annotations

Branches:
Dungeon (4/15)
 Temple: D:4-7

Altars:
Hepliaklqana
Okawaru


Innate Abilities, Weirdness & Mutations

Your plain brown scales are hard. (AC +6)
You cannot fit into any form of body armour.
You are cold-blooded and may be slowed by cold attacks.


Message History

(D) Dungeon
Where to? (Enter - D:3 @ (x,y), ? - help)
You open the door.
There is an open door here.
Things that are here:
a +0 hand axe; a +0 club; a cursed +0 short sword
There is an open door, spattered with blood here.
You see here a +0 short sword.
There is an open door here.
There is a stone staircase leading down here.
You climb downwards.
The ogre shouts! x2
The ogre hits you with a +0 giant spiked club!
The ogre barely misses you.
There is a stone staircase leading up, spattered with blood here.
Unknown command.
The ogre hits you with a +0 giant spiked club!!
Ouch! That really hurt!
The ogre hits you with a +0 giant club!
You die...

##.######### #.#
##.........##
#.#
#########....#
#.# ....###
#....###.# ###.#
#......#.# #.
#...##.#.# #.
##.......# #.
#####O### #
###########@#
#.##.#........O#
#.....##########
#####...#
##.....O.#
##.#.#.#[# .
.#.......###.#
...#.#.#......
..........##.#


You could see 2 ogres.

Vanquished Creatures
  A scorpion (D:4)
  An orc wizard (D:3)
  Jessica (D:2)
  7 adders
  An ooze (D:1)
  2 worms (D:3)
  A leopard gecko (D:1)
  6 orcs
  4 ball pythons
  5 giant cockroaches
  9 goblins
  9 hobgoblins
  3 jackals (D:3)
  2 quokkas (D:2)
  12 bats
  9 frilled lizards
  A jackal skeleton (D:4)
  9 kobolds
  7 rats
90 creatures vanquished.

Vanquished Creatures (others)
  4 toadstools (D:1)
4 creatures vanquished.

Grand Total: 94 creatures vanquished

Notes
Turn   | Place    | Note
-------+----------+-------------------------------------------
     0 | D:1      | marklar909 the Draconian Warper began the quest for the
                  | Orb.
     0 | D:1      | Reached XP level 1. HP: 17/17 MP: 3/3
    85 | D:1      | Reached skill level 1 in Throwing
   168 | D:1      | Reached XP level 2. HP: 23/25 MP: 5/5
   737 | D:1      | Reached XP level 3. HP: 23/30 MP: 6/6
   933 | D:2      | Noticed Jessica
  1354 | D:2      | Found a hazy altar of Hepliaklqana.
  1378 | D:2      | Reached skill level 3 in Long Blades
  1378 | D:2      | Reached XP level 4. HP: 35/37 MP: 7/7
  1476 | D:2      | Killed Jessica
  2081 | D:3      | Reached XP level 5. HP: 36/44 MP: 8/8
  2847 | D:3      | Found an iron altar of Okawaru.
  2923 | D:3      | Reached skill level 4 in Long Blades
  3430 | D:4      | Reached XP level 6. HP: 51/51 MP: 9/9
  3922 | D:4      | Slain by an ogre

Illustrated notes

Levels and vault maps discovered:
D:1:      ldierk_walled_garden_2, layout_rooms, grunt_decor_one_mirror,
          kennysheep_doodads
D:2:      layout_basic, nicolae_overflow_crystal_walls, uniq_jessica
D:3:      layout_loops_corners, kennysheep_okawaru_gauntlet
D:4:      layout_loops_corners, serial_co_window_serial, co_window_corner_a,
          co_window_corner_a, co_window_paths_a, co_window_paths_b,
          co_window_paths_b, co_window_paths_a, co_window_2corner,
          co_window_broadway_c, co_window_2corner, co_window_2corner,
          co_window_paths_c, glass_columns_c, glass_columns_b, glass_columns_a,
          glass_columns_b, roderic_three_in_a_row, roderic_roman_lattice

Skill      XL: |  1  2  3  4  5 |
---------------+----------------+-----
Throwing       | 1 |  1.0
Long Blades    | 3 4 |  4.3
Dodging        | 3 |  3.8
Fighting       | 3 |  3.1
Stealth        | |  0.8
Spellcasting   | |  2.4
Translocations | |  3.0

Action                   |  1- 3 |  4- 6 || total
-------------------------+-------+-------++-------
Melee: Falchion          |   102 |   163 ||   265
       Tailslap          |    11 |    17 ||    28
Throw: Boomerang         |       |     3 ||     3
  Use: Scroll            |       |     5 ||     5
 Stab: Sleeping          |       |     2 ||     2
Armor: Skin              |    50 |    47 ||    97
Dodge: Dodged            |   111 |   130 ||   241
       Rpst.: Falchion   |    36 |    38 ||    74

Table legend: (Time is in decaauts)
 A = Elapsed time spent in this place.
 B = Non-inter-level travel time spent in this place.
 C = Inter-level travel time spent in this place.
 D = Time resting spent in this place.
 E = Time spent auto-exploring this place.
 F = Levels seen in this place.
 G = Mean time per level.
                   A        B        C        D        E       F      G
               +--------+--------+--------+--------+--------+-----+--------+
         Total |   3963 |   3767 |    196 |    493 |   2648 |   4 |  990.8 |
       Dungeon |   3963 |   3767 |    196 |    493 |   2648 |   4 |  990.8 |
               +--------+--------+--------+--------+--------+-----+--------+

Top non-repeatable levels by time:
     D:3: 1477 daAuts
     D:1: 1225 daAuts
     D:2: 807 daAuts
     D:4: 453 daAuts
